| TOP OF THE 1ST |
|
Fort Myers Palms batting - Pitching for Lakeland Pilots : RHP Doug Welenc
|
|
Pitching: RHP Doug Welenc
|
|
|
Batting: SHB Porter Wyatt
|
0-0: Called Strike 0-1: Bunt missed! 0-2: Ball 1-2: Ball 2-2: Ball 3-2: Strikes out looking
|
|
Batting: RHB Johnny Evans
|
0-0: Ball 1-0: Ball 2-0: Swinging Strike 2-1: Swinging Strike 2-2: Fly out, F8 (Flyball, 8LS, EV 86.9 MPH)
|
|
Batting: LHB Arthur Carlisi
|
0-0: Called Strike 0-1: Fly out, F8 (Flyball, 8LD, EV 74.4 MPH)
|
| Top of the 1st over - 0 runs, 0 hits, 0 errors, 0 left on base; Fort Myers 0 - Lakeland 0 |
| BOTTOM OF THE 1ST |
|
Lakeland Pilots batting - Pitching for Fort Myers Palms : RHP Todd Worrell
|
|
Pitching: RHP Todd Worrell
|
|
|
Batting: LHB Chris Stropolo
|
0-0: Ball 1-0: Ball 2-0: Called Strike 2-1: Ball 3-1: Bunt missed! 3-2: Ground out 5-3 (Groundball, 5L, EV 80.6 MPH)
|
|
Batting: RHB Dave C Anderson
|
0-0: Ball 1-0: Fly out, F9 (Flyball, 89S, EV 80.6 MPH)
|
|
Batting: SHB Mike D Young
|
0-0: Called Strike 0-1: Foul Ball, location: 2F 0-2: Strikes out looking
|
| Bottom of the 1st over - 0 runs, 0 hits, 0 errors, 0 left on base; Fort Myers 0 - Lakeland 0 |
| TOP OF THE 2ND |
|
Fort Myers Palms batting - Pitching for Lakeland Pilots : RHP Doug Welenc
|
|
Batting: RHB Lindon Duncan
|
0-0: Foul Ball, location: 2F 0-1: Called Strike 0-2: Ball 1-2: Fly out, F8 (Flyball, 8RD, EV 95.0 MPH)
|
|
Batting: RHB Carl Nichols
|
0-0: Ground out 6-3 (Groundball, 6M, EV 85.6 MPH)
|
|
Batting: RHB David Sullivan
|
0-0: Ball 1-0: Swinging Strike 1-1: Ball 2-1: Ball 3-1: Swinging Strike 3-2: Strikes out looking
|
| Top of the 2nd over - 0 runs, 0 hits, 0 errors, 0 left on base; Fort Myers 0 - Lakeland 0 |
| BOTTOM OF THE 2ND |
|
Lakeland Pilots batting - Pitching for Fort Myers Palms : RHP Todd Worrell
|
|
Batting: LHB Mike Laga
|
0-0: Called Strike 0-1: Ball 1-1: Ball 2-1: Ball 3-1: Foul Ball, location: 2F 3-2: Base on Balls
|
|
Batting: RHB John Guarino
|
0-0: Ball 1-0: Fly out, F7 (Flyball, 7D, EV 85.6 MPH)
|
|
Batting: SHB Raul Gonzalez
|
0-0: Ball 1-0: Foul Ball, location: 2F 1-1: Ball 2-1: Foul Ball, location: 2F 2-2: Ball 3-2: Base on Balls Mike Laga to second
|
|
Batting: RHB Kevin McGann
|
0-0: Called Strike 0-1: Fly out, F4 (Popup, 34S, EV 73.1 MPH)
|
|
Batting: SHB Alphonso Eiland
|
0-0: Ball 1-0: Swinging Strike 1-1: Fly out, F8 (Flyball, 8RM, EV 87.5 MPH)
|
| Bottom of the 2nd over - 0 runs, 0 hits, 0 errors, 2 left on base; Fort Myers 0 - Lakeland 0 |
| TOP OF THE 3RD |
|
Fort Myers Palms batting - Pitching for Lakeland Pilots : RHP Doug Welenc
|
|
Batting: RHB Jim Bishop
|
0-0: Ball 1-0: Called Strike 1-1: Swinging Strike 1-2: Ball 2-2: Foul Ball, location: 2F 2-2: Strikes out swinging
|
|
Batting: LHB Edgar Quintanilla
|
0-0: Ball 1-0: Ball 2-0: Called Strike 2-1: SINGLE (Groundball, 34D, EV 100.0 MPH)
|
|
Batting: RHB Jay Greb
|
0-0: Called Strike 0-1: Swinging Strike 0-2: Ball 1-2: Foul Ball, location: 2F 1-2: Foul Ball, location: 2F 1-2: Ball 2-2: SINGLE (Groundball, 56D, EV 104.4 MPH) (infield hit) Edgar Quintanilla to second
|
|
Batting: SHB Porter Wyatt
|
0-0: Ball 1-0: Foul Ball, location: 2F 1-1: Foul Ball, location: 2F 1-2: Ball 2-2: Fly out, F9 (Flyball, 9, EV 97.5 MPH)
|
|
Batting: RHB Johnny Evans
|
0-0: Ball 1-0: Ball 2-0: Ball 3-0: Base on Balls Edgar Quintanilla to third Jay Greb to second
|
|
Batting: LHB Arthur Carlisi
|
0-0: Ball 1-0: Swinging Strike 1-1: Called Strike 1-2: Fly out, F7 (Line Drive, 7, EV 111.3 MPH)
|
| Top of the 3rd over - 0 runs, 2 hits, 0 errors, 3 left on base; Fort Myers 0 - Lakeland 0 |
| BOTTOM OF THE 3RD |
|
Lakeland Pilots batting - Pitching for Fort Myers Palms : RHP Todd Worrell
|
|
Batting: LHB Michael Shinn
|
0-0: Called Strike 0-1: Ball 1-1: Ball 2-1: Foul Ball, location: 2F 2-2: Foul Ball, location: 2F 2-2: Foul Ball, location: 2F 2-2: Ball 3-2: SINGLE (Groundball, 34D, EV 106.3 MPH)
|
|
Batting: LHB Chris Stropolo
|
0-0: Foul Ball, location: 2F 0-1: Ball 1-1: Ball 2-1: Grounds into double play, 4-6-3 (Groundball, 4, EV 87.5 MPH)
|
|
Batting: RHB Dave C Anderson
|
0-0: Ball 1-0: Called Strike 1-1: Ball 2-1: Foul Ball, location: 2F 2-2: Ball 3-2: TRIPLE (Flyball, 78XD, EV 105.6 MPH)
|
|
Batting: SHB Mike D Young
|
0-0: Ball 1-0: Ball 2-0: Ground out 6-3 (Groundball, 56, EV 87.5 MPH)
|
| Bottom of the 3rd over - 0 runs, 2 hits, 0 errors, 1 left on base; Fort Myers 0 - Lakeland 0 |
| TOP OF THE 4TH |
|
Fort Myers Palms batting - Pitching for Lakeland Pilots : RHP Doug Welenc
|
|
Batting: RHB Lindon Duncan
|
0-0: Called Strike 0-1: Ball 1-1: Fly out, F4 (Popup, 34S, EV 81.9 MPH)
|
|
Batting: RHB Carl Nichols
|
0-0: Called Strike 0-1: Ball 1-1: Ball 2-1: Swinging Strike 2-2: Ball 3-2: Base on Balls
|
|
Batting: RHB David Sullivan
|
0-0: Ball 1-0: Foul Ball, location: 2F 1-1: Ball 2-1: Ball 3-1: Foul Ball, location: 2F 3-2: Foul Ball, location: 2F 3-2: Base on Balls Carl Nichols to second
|
|
Batting: RHB Jim Bishop
|
0-0: Ball 1-0: Foul Ball, location: 2F 1-1: Foul Ball, location: 2F 1-2: Ball 2-2: Foul Ball, location: 2F 2-2: Strikes out looking
|
|
Batting: LHB Edgar Quintanilla
|
0-0: Ball 1-0: Ball 2-0: Ball 3-0: Called Strike 3-1: Fly out, F9 (Flyball, 9, EV 94.4 MPH)
|
| Top of the 4th over - 0 runs, 0 hits, 0 errors, 2 left on base; Fort Myers 0 - Lakeland 0 |
| BOTTOM OF THE 4TH |
|
Lakeland Pilots batting - Pitching for Fort Myers Palms : RHP Todd Worrell
|
|
Batting: LHB Mike Laga
|
0-0: Ball 1-0: Swinging Strike 1-1: Ball 2-1: Called Strike 2-2: Ball 3-2: Fly out, F9 (Line Drive, 9, EV 91.3 MPH)
|
|
Batting: RHB John Guarino
|
0-0: Called Strike 0-1: DOUBLE (Flyball, 8LXD, EV 96.3 MPH)
|
|
Batting: SHB Raul Gonzalez
|
0-0: Called Strike 0-1: Ground out 4-3 (Groundball, 4, EV 76.3 MPH) John Guarino to third
|
|
Batting: RHB Kevin McGann
|
0-0: Ground out 5-3 (Groundball, 5S, EV 70.6 MPH)
|
| Bottom of the 4th over - 0 runs, 1 hit, 0 errors, 1 left on base; Fort Myers 0 - Lakeland 0 |
| TOP OF THE 5TH |
|
Fort Myers Palms batting - Pitching for Lakeland Pilots : RHP Doug Welenc
|
|
Batting: RHB Jay Greb
|
0-0: Ball 1-0: Swinging Strike 1-1: Foul Ball, location: 2F 1-2: Foul Ball, location: 2F 1-2: Ball 2-2: Strikes out looking
|
|
Batting: SHB Porter Wyatt
|
0-0: Swinging Strike 0-1: Ball 1-1: Foul Ball, location: 2F 1-2: Ground out 3-1 (Groundball, 34S, EV 88.1 MPH)
|
|
Batting: RHB Johnny Evans
|
0-0: Fly out, F3 (Line Drive, 3, EV 70.0 MPH)
|
| Top of the 5th over - 0 runs, 0 hits, 0 errors, 0 left on base; Fort Myers 0 - Lakeland 0 |
| BOTTOM OF THE 5TH |
|
Lakeland Pilots batting - Pitching for Fort Myers Palms : RHP Todd Worrell
|
|
Batting: SHB Alphonso Eiland
|
0-0: Called Strike 0-1: Fly out, F8 (Flyball, 8RS, EV 88.1 MPH)
|
|
Batting: LHB Michael Shinn
|
0-0: Called Strike 0-1: Ball 1-1: SINGLE (Flyball, 9, EV 90.0 MPH)
|
|
Batting: LHB Chris Stropolo
|
0-0: Swinging Strike 0-1: TRIPLE (Flyball, 7D, EV 91.3 MPH) Michael Shinn scores
|
|
Batting: RHB Dave C Anderson
|
0-0: Called Strike 0-1: Ball 1-1: Foul Ball, location: 2F 1-2: Ball 2-2: Reached on error, E9 (Flyball, 9, EV 95.0 MPH) Chris Stropolo scores
|
|
Batting: SHB Mike D Young
|
0-0: Called Strike Dave C Anderson steals 2nd, throwing error, E2 Dave C Anderson to third 0-1: Swinging Strike 0-2: Ball 1-2: Ball 2-2: Ball 3-2: Base on Balls
|
|
Batting: LHB Mike Laga
|
0-0: Foul Ball, location: 2F 0-1: Ball 1-1: Foul Ball, location: 2F 1-2: Ball 2-2: Ball 3-2: Base on Balls Mike D Young to second
|
|
Batting: RHB John Guarino
|
0-0: Ball 1-0: Called Strike 1-1: Ball 2-1: Foul Ball, location: 2F 2-2: SINGLE (Line Drive, 89S, EV 95.6 MPH) Dave C Anderson scores Mike D Young to third Mike Laga to second Runner from 3rd tries for Home, SAFE, throw by CF to home
|
|
Batting: SHB Raul Gonzalez
|
0-0: Fly out, F8 (Line Drive, 8RD, EV 104.4 MPH)
|
|
Batting: RHB Kevin McGann
|
0-0: Called Strike 0-1: Called Strike 0-2: Ball 1-2: Fly out, F8 (Flyball, 89XD, EV 104.4 MPH)
|
| Bottom of the 5th over - 4 runs, 3 hits, 2 errors, 2 left on base; Fort Myers 0 - Lakeland 4 |
| TOP OF THE 6TH |
|
Fort Myers Palms batting - Pitching for Lakeland Pilots : RHP Doug Welenc
|
|
Batting: LHB Arthur Carlisi
|
0-0: Ball 1-0: Swinging Strike 1-1: Foul Ball, location: 2F 1-2: Ball 2-2: Ball 3-2: Fly out, F9 (Line Drive, 9, EV 96.9 MPH)
|
|
Batting: RHB Lindon Duncan
|
0-0: Swinging Strike 0-1: Foul Ball, location: 2F 0-2: Ball 1-2: Ground out 5-3 (Groundball, 5L, EV 80.6 MPH)
|
|
Batting: RHB Carl Nichols
|
0-0: Called Strike 0-1: Foul Ball, location: 2F 0-2: Strikes out swinging
|
| Top of the 6th over - 0 runs, 0 hits, 0 errors, 0 left on base; Fort Myers 0 - Lakeland 4 |
| BOTTOM OF THE 6TH |
|
Lakeland Pilots batting - Pitching for Fort Myers Palms : RHP Todd Worrell
|
|
Batting: SHB Alphonso Eiland
|
0-0: Ground out 6-3 (Groundball, 4M, EV 81.9 MPH)
|
|
Batting: LHB Michael Shinn
|
0-0: Ball 1-0: Ball 2-0: Foul Ball, location: 2F 2-1: Foul Ball, location: 2F 2-2: Strikes out swinging
|
|
Batting: LHB Chris Stropolo
|
0-0: Called Strike 0-1: Ball 1-1: Foul Ball, location: 2F 1-2: Strikes out swinging
|
| Bottom of the 6th over - 0 runs, 0 hits, 0 errors, 0 left on base; Fort Myers 0 - Lakeland 4 |
| TOP OF THE 7TH |
|
Fort Myers Palms batting - Pitching for Lakeland Pilots : RHP Doug Welenc
|
|
Batting: RHB David Sullivan
|
0-0: Ball 1-0: Swinging Strike 1-1: Called Strike 1-2: Foul Ball, location: 2F 1-2: Foul Ball, location: 2F 1-2: Strikes out swinging
|
|
Batting: RHB Jim Bishop
|
0-0: Ball 1-0: SOLO HOME RUN (Flyball, 78XD, EV 101.3 MPH), Distance : 408 ft
|
|
Batting: LHB Edgar Quintanilla
|
0-0: Ball 1-0: Ball 2-0: Swinging Strike 2-1: Ball 3-1: Foul Ball, location: 2F 3-2: Base on Balls
|
|
Batting: RHB Jay Greb
|
0-0: Fly out, F7 (Flyball, 7D, EV 92.5 MPH)
|
|
Batting: SHB Porter Wyatt
|
0-0: Ball 1-0: Fly out, F6 (Flyball, 6D, EV 86.9 MPH)
|
| Top of the 7th over - 1 run, 1 hit, 0 errors, 1 left on base; Fort Myers 1 - Lakeland 4 |
| BOTTOM OF THE 7TH |
|
Lakeland Pilots batting - Pitching for Fort Myers Palms : RHP Todd Worrell
|
|
Batting: RHB Dave C Anderson
|
0-0: Foul Ball, location: 2F 0-1: Swinging Strike 0-2: Ball 1-2: SINGLE (Flyball, 8LS, EV 85.6 MPH)
|
|
Batting: SHB Mike D Young
|
0-0: 2-RUN HOME RUN (Flyball, 89XD, EV 98.8 MPH), Distance : 396 ft
|
|
Pitching: RHP Steve Dunnegan
|
|
|
Batting: LHB Mike Laga
|
0-0: Called Strike 0-1: Foul Ball, location: 2F 0-2: Ground out 6-3 (Groundball, 6, EV 109.4 MPH)
|
|
Batting: RHB John Guarino
|
0-0: Ball 1-0: Ball 2-0: Called Strike 2-1: Ball 3-1: Called Strike 3-2: SINGLE (Groundball, 56D, EV 108.8 MPH)
|
|
Batting: SHB Raul Gonzalez
|
0-0: Fly out, F9 (Flyball, 9LM, EV 91.3 MPH)
|
|
Batting: RHB Kevin McGann
|
0-0: Ball 1-0: Ground out 4-3 (Groundball, 4, EV 78.1 MPH)
|
| Bottom of the 7th over - 2 runs, 3 hits, 0 errors, 1 left on base; Fort Myers 1 - Lakeland 6 |
| TOP OF THE 8TH |
|
Fort Myers Palms batting - Pitching for Lakeland Pilots : RHP Doug Welenc
|
|
Batting: RHB Johnny Evans
|
0-0: Ground out U3 (Groundball, 3, EV 106.3 MPH)
|
|
Batting: LHB Arthur Carlisi
|
0-0: Called Strike 0-1: Foul Ball, location: 2F 0-2: Foul Ball, location: 2F 0-2: Foul Ball, location: 2F 0-2: Foul Ball, location: 2F 0-2: Foul Ball, location: 2F 0-2: Foul Ball, location: 2F 0-2: Ball 1-2: Ball 2-2: Foul Ball, location: 2F 2-2: Ball 3-2: Base on Balls
|
|
Batting: RHB Lindon Duncan
|
0-0: Ball 1-0: Ball 2-0: Ground out 6-3 (Groundball, 6MS, EV 68.8 MPH) Arthur Carlisi to second
|
|
Batting: RHB Carl Nichols
|
0-0: Ball 1-0: Called Strike 1-1: Ball 2-1: Ball 3-1: Fly out, F7 (Flyball, 7S, EV 90.0 MPH)
|
| Top of the 8th over - 0 runs, 0 hits, 0 errors, 1 left on base; Fort Myers 1 - Lakeland 6 |
| BOTTOM OF THE 8TH |
|
Lakeland Pilots batting - Pitching for Fort Myers Palms : RHP Steve Dunnegan
|
|
Batting: SHB Alphonso Eiland
|
0-0: Ball 1-0: Ball 2-0: Called Strike 2-1: Swinging Strike 2-2: Strikes out looking
|
|
Batting: LHB Michael Shinn
|
0-0: Called Strike 0-1: Ball 1-1: Ground out 4-3 (Groundball, 4, EV 100.6 MPH)
|
|
Batting: LHB Chris Stropolo
|
0-0: Ball 1-0: Ball 2-0: Ball 3-0: Base on Balls
|
|
Batting: RHB Dave C Anderson
|
0-0: Ball Chris Stropolo steals 2nd base 1-0: Ball 2-0: SINGLE (Line Drive, 4MD, EV 110.0 MPH) Chris Stropolo to third Runner from 3rd tries for Home, SAFE, throw by CF to home
|
|
Batting: SHB Mike D Young
|
0-0: Called Strike Dave C Anderson is caught stealing 2nd base 2-6
|
| Bottom of the 8th over - 1 run, 1 hit, 0 errors, 0 left on base; Fort Myers 1 - Lakeland 7 |
| TOP OF THE 9TH |
|
Fort Myers Palms batting - Pitching for Lakeland Pilots : RHP Doug Welenc
|
|
Batting: RHB David Sullivan
|
0-0: Ball 1-0: Ball 2-0: Called Strike 2-1: Ball 3-1: Foul Ball, location: 2F 3-2: Foul Ball, location: 2F 3-2: Fly out, F5 (Line Drive, 5, EV 69.4 MPH)
|
|
Batting: RHB Jim Bishop
|
0-0: Called Strike 0-1: Called Strike 0-2: Strikes out looking
|
|
Batting: LHB Edgar Quintanilla
|
0-0: Ball 1-0: Ball 2-0: Ball 3-0: Called Strike 3-1: DOUBLE (Flyball, 8LXD, EV 95.0 MPH)
|
|
Pitching: RHP Joe Boever
|
|
|
Batting: RHB Jay Greb
|
0-0: Ball 1-0: Foul Ball, location: 2F 1-1: Called Strike 1-2: Foul Ball, location: 2F 1-2: Ball 2-2: Foul Ball, location: 2F 2-2: Foul Ball, location: 2F 2-2: Fly out, F8 (Flyball, 8RD, EV 83.8 MPH)
|
| Top of the 9th over - 0 runs, 1 hit, 0 errors, 1 left on base; Fort Myers 1 - Lakeland 7 |
|